AoeStats
← pelicanul

MegaRandom

506667418Analyzed
4v4 RM · 17d ago on Sep 14, 2026· 44m 8s· 8 players
Game mode
Random Map
Map size
Large (8 player)
Population
200
Speed
Normal
Resources
Standard
Victory
Conquest
Starting age
Dark Age
Ending age
Imperial Age
RankedLock teamsTeams togetherTeam positionsShared explorationLock speedFull tech treeHidden civsTurbo modeCheats
Victory
Defeat
🇦🇪 Cumans · United Arab Emirates
1062
+13
🇬🇷 Chinese · Greece
1013
+15
🇫🇮 Goths · Finland
1007
+15
🇷🇴 Romans · Romania
1002
+15
🇨🇳 Jurchens · China
1073
-17
🇨🇳 Burgundians · China
976
-14
🇨🇦 Muisca · Canada
968
-14
🇪🇸 Maya · Spain
948
-13
Rcu
9:31 Feudal Age
8:44 Loom
14:16 Castle Age
14:59 Double-Bit Axe
23:35 Horse Collar
33:13 Wheelbarrow
35:23 Squires
36:16 Scale Mail Armor
39:13 Hand Cart
40:57 Forging
41:03 Chain Mail Armor
41:05 Anarchy
44:07 Iron Casting
CamelRaider
0:30 Loom
8:50 Feudal Age
10:15 Horse Collar
15:44 Castle Age
15:07 Double-Bit Axe
15:21 Town Watch
16:12 Wheelbarrow
17:09 Bow Saw
17:01 Heavy Plow
19:06 Stone Mining
19:25 Gold Mining
23:38 Hand Cart
25:50 Bloodlines
25:47 Scale Barding Armor
25:58 Forging
29:28 Light Cavalry
33:01 Imperial Age
31:31 Gold Shaft Mining
31:17 Chain Barding Armor
31:34 Iron Casting
30:49 Fletching
31:21 Ballistics
30:57 Murder Holes
31:12 Masonry
32:27 Coinage
32:19 Town Patrol
33:16 Cavalier
33:34 Hussar
34:52 Plate Barding Armor
35:18 Blast Furnace
34:13 Bodkin Arrow
35:20 Chemistry
34:51 Guilds
35:50 Two-Man Saw
35:21 Crop Rotation
36:03 Banking
35:35 Paladin
38:20 Conscription
38:02 Steppe Husbandry
pelicanul
9:37 Feudal Age
10:31 Loom
12:34 Stone Mining
15:18 Castle Age
13:52 Horse Collar
14:05 Man-at-Arms
15:16 Double-Bit Axe
19:07 Long Swordsman
19:49 Squires
29:56 Imperial Age
28:08 Heavy Plow
28:20 Bow Saw
29:23 Wheelbarrow
29:41 Wheelbarrow
29:26 Scale Mail Armor
29:36 Forging
30:32 Chain Mail Armor
31:26 Crop Rotation
31:51 Hand Cart
32:40 Iron Casting
32:50 Conscription
32:44 Gold Mining
33:48 Heavy Scorpion
35:16 Legionary
38:18 Blast Furnace
39:00 Comitatenses
giannis.arsla
5:19 Loom
8:04 Feudal Age
9:00 Double-Bit Axe
14:30 Arson
14:07 Man-at-Arms
15:26 Scale Mail Armor
15:37 Forging
19:30 Castle Age
18:08 Padded Archer Armor
17:58 Fletching
18:01 Gold Mining
18:02 Horse Collar
19:20 Scale Barding Armor
20:15 Wheelbarrow
21:50 Hand Cart
22:23 Heavy Plow
22:18 Stone Mining
23:04 Long Swordsman
23:46 Squires
39:07 Imperial Age
37:11 Thumb Ring
42:35 Bow Saw
SgtSpookjohnson
Gripe A
oe409454
Hakka
0:30 Loom
10:35 Feudal Age
14:27 Castle Age
13:16 Padded Archer Armor
15:07 Town Watch
15:39 Leather Archer Armor
18:41 Wheelbarrow
17:52 Double-Bit Axe
19:55 Horse Collar
22:25 Siege Engineers
22:32 Siege Engineers
22:56 Sanctity
29:50 Imperial Age
28:38 Murder Holes
28:54 Masonry
32:52 Ring Archer Armor
35:24 Thunderclap Bombs
35:47 Heavy Plow
37:31 Chemistry
36:53 Ballistics
37:05 Architecture
37:09 Fletching
40:15 Fortified Bastions
Connection lost

Rejoining the realm…

Still unreachable

The connection could not be restored.

Session expired

The server has moved on; the page needs a fresh start.